Flames vs Golden Knights

Created - December 25, 2020 at 19:41

Goals
1 2 3 T
Flames 1 0 0 1
Golden Knights 1 3 1 5
Shots
1 2 3 T
Flames 22 4 4 30
Golden Knights 10 12 16 38

1st period

1. Golden Knights , Andrei Loktionov 15 (Michael Frolik 17, Sergei Plotnikov 11) at 13:13
2. Flames , Eric Staal 19 (David Backes 14) at 15:33

Penalties :
Brad Marchand (Cal) for Hooking (Minor) at 17:00

2nd period

3. Golden Knights , Ilya Kovalchuk 12 (Matt Stajan 14, Michael Kostka 2) at 7:22
4. Golden Knights , Ilya Kovalchuk 13 (Chris Tierney 2, Michael Kostka 3) at 12:10 (SH)
5. Golden Knights , Ilya Kovalchuk 14 (Matt Stajan 15) at 19:08

Penalties :
Colin Wilson (Cal) for Tripping (Minor) at 1:27, Colby Robak (Cal) for Holding Stick (Minor) at 8:12, Matt Stajan (Vgs) for Charging (Minor) at 11:50, Alexander Semin (Cal) for Tripping (Minor) at 12:13, Colby Robak (Cal) for Tripping (Minor) at 13:30

3rd period

6. Golden Knights , Sergei Plotnikov 3 (Michael Frolik 18, Zach Bogosian 19) at 2:31

Penalties :
Brad Marchand (Cal) for Interference (Minor) at 8:37

Goalie Stats

Henrik Lundqvist (Cal), 33 saves from 38 shots - (0.868), L, 16-3-3, 60:00 minutes
Matt Hackett (Vgs), 29 saves from 30 shots - (0.967), W, 3-1-0, 60:00 minutes

Players Stats for Flames

Player Name              G  A  P  +/- PIM S  H  SB GA TA FO     MP     PP MP  PK MP  
------------------------------------------------------------------------------------
Alexander Radulov        0  0  0  -1  0   4  3  0  1  0  0/1    13:41   0:07   0:00 
Alexander Semin          0  0  0  -1  2   0  2  0  1  1  0/0    18:17   0:06   4:15 
Anders Lee               0  0  0   0  0   1  1  0  0  0  1/4    10:03   0:00   0:34 
Brad Marchand            0  0  0  -1  4   2  1  1  1  0  2/4    18:10   0:16   1:34 
Brendan Mikkelson        0  0  0  -1  0   1  2  0  0  0  0/0    14:54   0:00   1:15 
Christian Folin          0  0  0  -1  0   0  0  1  0  0  0/0    14:17   0:00   0:25 
Colby Robak              0  0  0   0  4   1  0  3  0  1  0/0    19:56   0:00   2:49 
Colin Wilson             0  0  0  -2  2   1  0  1  0  1  2/5    13:43   0:00   3:07 
David Backes             0  1  1   0  0   2  0  0  0  0  0/2    19:16   0:00   4:26 
David Ullstrom           0  0  0  -3  0   2  0  0  0  0  1/1    10:44   0:07   0:00 
Derek Meech              0  0  0   0  0   0  2  3  1  3  0/0    21:10   0:00   4:29 
Eric Staal               1  0  1   0  0   1  2  0  1  2  11/23  16:13   0:07   0:28 
Erik Johnson             0  0  0  -3  0   4  1  3  0  1  0/0    24:58   0:23   5:26 
Jimmy Hayes              0  0  0  -3  0   3  0  2  0  0  2/2    10:14   0:16   0:00 
Kyle Palmieri            0  0  0   0  0   3  1  1  0  0  0/0     9:00   0:00   0:00 
Patrik Berglund          0  0  0  -1  0   1  2  0  1  1  4/17   18:34   0:09   4:26 
Sami Vatanen             0  0  0  -3  0   3  1  0  1  1  0/0    24:58   0:23   5:26 
Steve Regier             0  0  0   0  0   1  3  0  0  1  0/0     9:52   0:00   0:18 

Players Stats for Golden Knights

Player Name              G  A  P  +/- PIM S  H  SB GA TA FO     MP     PP MP  PK MP  
------------------------------------------------------------------------------------
Andrei Loktionov         1  0  1   1  0   7  2  0  1  0  14/23  19:15   4:09   0:00 
Chris Higgins            0  0  0   0  0   2  1  0  1  0  0/1    11:42   0:00   0:00 
Chris Tierney            0  1  1   1  0   1  1  0  0  0  3/4    10:08   0:00   0:11 
Ilya Kovalchuk           3  0  3   3  0   3  1  0  1  0  1/2    16:06   4:09   0:11 
Jared Cowen              0  0  0   1  0   2  0  1  3  1  0/0    22:49   5:51   0:03 
Mathew Dumba             0  0  0   1  0   0  3  0  1  0  0/0    20:26   3:11   0:20 
Matt Stajan              0  2  2   2  2   3  3  1  0  0  7/11   16:51   5:22   0:00 
Michael Frolik           0  2  2   1  0   6  1  0  2  0  3/3    19:15   4:09   0:00 
Michael Kostka           0  2  2   3  0   1  0  0  0  0  0/0    17:05   0:00   0:20 
Patrice Cormier          0  0  0   0  0   0  0  0  0  2  4/9    13:49   0:29   0:12 
Sergei Plotnikov         1  1  2   1  0   1  2  0  0  0  1/2    20:08   4:58   0:00 
Shawn Matthias           0  0  0   0  0   1  2  0  1  0  0/1    10:14   0:00   0:00 
Steve Bernier            0  0  0   0  0   3  1  0  0  1  0/0    11:52   0:29   0:00 
Vladimir Mihalik         0  0  0   1  0   0  2  0  0  1  0/0    15:38   0:34   0:00 
Vladimir Zharkov         0  0  0   2  0   3  2  0  0  1  3/3    16:28   4:58   0:00 
Wayne Simmonds           0  0  0   0  0   1  0  0  0  0  0/0    12:12   0:05   0:12 
Wes O'Neill              0  0  0   0  0   0  1  0  1  1  0/0    21:34   5:19   0:00 
Zach Bogosian            0  1  1   2  0   4  2  0  1  0  0/0    22:28   4:17   0:03 

3 Stars

1 - Ilya Kovalchuk (Vgs)
2 - Sergei Plotnikov (Vgs)
3 - Matt Hackett (Vgs)

Power Play

Flames - 0 on 1 Attempt(s) - 0.00%
Golden Knights - 0 on 6 Attempt(s) - 0.00%

Penalty Kill

Flames - 6 on 6 Attempt(s) - 100.00% - Score 0 goal in Penalty Kill
Golden Knights - 1 on 1 Attempt(s) - 100.00% - Score 1 goal in Penalty Kill

Team Stat

Flames - Hits : 21 - Faceoff Wins : 23 - Blocked Shots : 15 - Penalty Minutes : 12
Golden Knights - Hits : 24 - Faceoff Wins : 36 - Blocked Shots : 2 - Penalty Minutes : 2

Official

Referees : Unknown
Linesman : Unknown

Game Notes

Ilya Kovalchuk has scored a Hat Trick!

Finance

Level 1 -- Attendance: 6000 (100.00%) -- Ticket Income $558,000
Level 2 -- Attendance: 5000 (100.00%) -- Ticket Income $295,000
Level 3 -- Attendance: 2000 (100.00%) -- Ticket Income $78,000
Level 4 -- Attendance: 4000 (100.00%) -- Ticket Income $108,000
Luxury Box -- Attendance: 1000 (100.00%) -- Ticket Income $160,000
Game was played at the Duff Garden.
Total Attendance: 18000 (100.00%)
Total Ticket Income: $1,199,000
Other Income: $179,850
Total Income: $1,378,850

Flames

5 vs 5 Forward 
   Center                   Left Wing                Right Wing               Time % Phy DF OF 
 1 Eric Staal               Brad Marchand            David Backes             40     1   2  2  
 2 Patrik Berglund          Alexander Semin          Alexander Radulov        33     1   2  2  
 3 Colin Wilson             David Ullstrom           Jimmy Hayes              19     1   2  2  
 4 Anders Lee               Steve Regier             Kyle Palmieri            8      1   2  2  

5 vs 5 Defense 
   Defense                  Defense                                           Time % Phy DF OF 
 1 Erik Johnson             Sami Vatanen                                      38     1   2  2  
 2 Derek Meech              Colby Robak                                       29     2   2  1  
 3 Christian Folin          Brendan Mikkelson                                 23     2   2  1  
 4 Derek Meech              Colby Robak                                       10     2   2  1  

PowerPlay Forward 
   Center                   Left Wing                Right Wing               Time % Phy DF OF 
 1 Eric Staal               Alexander Semin          Alexander Radulov        60     1   2  2  
 2 Patrik Berglund          Brad Marchand            Jimmy Hayes              40     1   2  2  

PowerPlay Defense
   Defense                  Defense                                           Time % Phy DF OF 
 1 Erik Johnson             Sami Vatanen                                      60     1   2  2  
 2 Derek Meech              Colby Robak                                       40     1   2  2  

Penalty Kill 4 Players Forward 
   Center                   Wing                     Time % Phy DF OF 
 1 Patrik Berglund          David Backes             50     1   3  1  
 2 Colin Wilson             Alexander Semin          50     1   3  1  

Penalty Kill 4 Players Defense
   Defense                  Defense                  Time % Phy DF OF 
 1 Erik Johnson             Sami Vatanen             58     1   3  1  
 2 Derek Meech              Colby Robak              42     1   3  1  

Penalty Kill - 3 Players Forward 
   Forward                                           Time % Phy DF OF 
 1 Eric Staal                                        50     1   4  0  
 2 Brad Marchand                                     50     1   4  0  

Penalty Kill - 3 Players Defense
   Defense                  Defense                  Time % Phy DF OF 
 1 Erik Johnson             Sami Vatanen             58     1   4  0  
 2 Derek Meech              Colby Robak              42     1   4  0  

4 vs 4 Forward 
   Center                   Wing                     Time % Phy DF OF 
 1 Eric Staal               Alexander Semin          60     2   2  1  
 2 Patrik Berglund          Brad Marchand            40     2   2  1  

4 vs 4 Defense
   Defense                  Defense                  Time % Phy DF OF 
 1 Erik Johnson             Sami Vatanen             60     2   2  1  
 2 Derek Meech              Colby Robak              40     2   2  1  

Last Minutes Offensive
   Center                   Left Wing                Right Wing               Defense                  Defense                  
   Eric Staal               Alexander Semin          David Backes             Erik Johnson             Sami Vatanen             

Last Minutes Defensive
   Center                   Left Wing                Right Wing               Defense                  Defense                  
   Eric Staal               Alexander Semin          David Backes             Erik Johnson             Sami Vatanen             

Goaltenders
Starting : Henrik Lundqvist         
Backup : Christopher Gibson       

Extra Forwards
Normal : Brad Marchand, Alexander Semin, David Ullstrom - PP : David Ullstrom, Colin Wilson - PK : Brad Marchand
Extra Defensemen
Normal : Sami Vatanen, Derek Meech, Colby Robak - PP : Derek Meech - PK : Brendan Mikkelson, Christian Folin
Penalty Shots
Eric Staal, Alexander Semin, David Backes, Brad Marchand, Patrik Berglund

Scratches
None

Golden Knights

5 vs 5 Forward 
   Center                   Left Wing                Right Wing               Time % Phy DF OF 
 1 Andrei Loktionov         Sergei Plotnikov         Michael Frolik           35     1   2  2  
 2 Matt Stajan              Ilya Kovalchuk           Vladimir Zharkov         30     1   2  2  
 3 Patrice Cormier          Chris Higgins            Wayne Simmonds           20     1   2  2  
 4 Chris Tierney            Shawn Matthias           Steve Bernier            15     1   2  2  

5 vs 5 Defense 
   Defense                  Defense                                           Time % Phy DF OF 
 1 Zach Bogosian            Michael Kostka                                    35     1   2  2  
 2 Wes O'Neill              Mathew Dumba                                      35     1   2  2  
 3 Vladimir Mihalik         Jared Cowen                                       30     1   2  2  
 4 Zach Bogosian            Jared Cowen                                       0      1   2  2  

PowerPlay Forward 
   Center                   Left Wing                Right Wing               Time % Phy DF OF 
 1 Andrei Loktionov         Ilya Kovalchuk           Michael Frolik           50     1   2  2  
 2 Matt Stajan              Sergei Plotnikov         Vladimir Zharkov         50     1   2  2  

PowerPlay Defense
   Defense                  Defense                                           Time % Phy DF OF 
 1 Zach Bogosian            Mathew Dumba                                      50     1   2  2  
 2 Wes O'Neill              Jared Cowen                                       50     1   2  2  

Penalty Kill 4 Players Forward 
   Center                   Wing                     Time % Phy DF OF 
 1 Chris Tierney            Ilya Kovalchuk           50     1   2  2  
 2 Patrice Cormier          Wayne Simmonds           50     1   2  2  

Penalty Kill 4 Players Defense
   Defense                  Defense                  Time % Phy DF OF 
 1 Zach Bogosian            Jared Cowen              50     1   2  2  
 2 Michael Kostka           Mathew Dumba             50     1   2  2  

Penalty Kill - 3 Players Forward 
   Forward                                           Time % Phy DF OF 
 1 Ilya Kovalchuk                                    60     1   2  2  
 2 Chris Higgins                                     40     1   2  2  

Penalty Kill - 3 Players Defense
   Defense                  Defense                  Time % Phy DF OF 
 1 Vladimir Mihalik         Jared Cowen              69     1   2  2  
 2 Michael Kostka           Wes O'Neill              31     1   2  2  

4 vs 4 Forward 
   Center                   Wing                     Time % Phy DF OF 
 1 Matt Stajan              Steve Bernier            60     1   2  2  
 2 Andrei Loktionov         Sergei Plotnikov         40     1   2  2  

4 vs 4 Defense
   Defense                  Defense                  Time % Phy DF OF 
 1 Zach Bogosian            Jared Cowen              60     1   2  2  
 2 Michael Kostka           Mathew Dumba             40     1   2  2  

Last Minutes Offensive
   Center                   Left Wing                Right Wing               Defense                  Defense                  
   Andrei Loktionov         Sergei Plotnikov         Michael Frolik           Zach Bogosian            Wes O'Neill              

Last Minutes Defensive
   Center                   Left Wing                Right Wing               Defense                  Defense                  
   Matt Stajan              Ilya Kovalchuk           Michael Frolik           Michael Kostka           Jared Cowen              

Goaltenders
Starting : Matt Hackett             
Backup : Ondrej Pavelec           

Extra Forwards
Normal : Patrice Cormier, Steve Bernier, Shawn Matthias - PP : Patrice Cormier, Steve Bernier - PK : Shawn Matthias
Extra Defensemen
Normal : Vladimir Mihalik, Wes O'Neill, Michael Kostka - PP : Vladimir Mihalik - PK : Wes O'Neill, Michael Kostka
Penalty Shots
Michael Frolik, Ilya Kovalchuk, Andrei Loktionov, Matt Stajan, Wayne Simmonds

Scratches
None


% Time on Ice - Flames

Lines # - Real PCT - Wanted PCT - Time Play
Normal Forward
1 - 31% - 40% - 14:50
2 - 30% - 33% - 14:37
3 - 21% - 19% - 9:58
4 - 19% - 8% - 9:00
Normal Defense
1 - 38% - 38% - 18:15
2 - 29% - 29% - 14:15
3 - 29% - 23% - 13:52
4 - 4% - 10% - 2:03
PP Forward
1 - 30% - 60% - 0:07
2 - 70% - 40% - 0:16
PP Defense
1 - 100% - 60% - 0:23
2 - 0% - 40% - 0:00
PK Forward
1 - 48% - 50% - 4:26
2 - 52% - 50% - 4:47
PK Defense
1 - 55% - 58% - 5:03
2 - 45% - 42% - 4:10
PK3 Forward
1 - 67% - 50% - 0:28
2 - 33% - 50% - 0:14
PK3 Defense
1 - 55% - 58% - 0:23
2 - 45% - 42% - 0:19
44 Forward
1 - 100% - 60% - 1:17
2 - 0% - 40% - 0:00
44 Defense
1 - 70% - 60% - 0:54
2 - 30% - 40% - 0:23
Last Minute Offensive  - 0:00
Last Minute Defensive  - 0:00
Total
Forward - 60:00
Defense - 60:00

% Time on Ice - Golden Knights

Lines # - Real PCT - Wanted PCT - Time Play
Normal Forward
1 - 31% - 35% - 15:06
2 - 24% - 30% - 11:43
3 - 24% - 20% - 11:42
4 - 20% - 15% - 9:54
Normal Defense
1 - 35% - 35% - 16:49
2 - 34% - 35% - 16:35
3 - 29% - 30% - 13:48
4 - 3% - 0% - 1:13
PP Forward
1 - 47% - 50% - 4:33
2 - 53% - 50% - 5:03
PP Defense
1 - 45% - 50% - 4:17
2 - 55% - 50% - 5:19
PK Forward
1 - 48% - 50% - 0:11
2 - 52% - 50% - 0:12
PK Defense
1 - 13% - 50% - 0:03
2 - 87% - 50% - 0:20
PK3 Forward
1 - 0% - 60%
2 - 0% - 40%
PK3 Defense
1 - 0% - 69%
2 - 0% - 31%
44 Forward
1 - 100% - 60% - 1:36
2 - 0% - 40% - 0:00
44 Defense
1 - 76% - 60% - 1:13
2 - 24% - 40% - 0:23
Last Minute Offensive  - 0:00
Last Minute Defensive  - 0:00
Total
Forward - 60:00
Defense - 60:00

Play-by-Play

1st period


0:01 of 1st period - Andrei Loktionov wins face-off versus Brad Marchand in neutral zone.
0:14 of 1st period - Wrist shot by David Backes.
0:14 of 1st period - Stopped by Matt Hackett without a rebound.
0:15 of 1st period - Vladimir Zharkov wins face-off versus Alexander Radulov in Golden Knights zone.
0:20 of 1st period - Snap shot by Alexander Radulov.
0:20 of 1st period - Stopped by Matt Hackett with a rebound.
0:22 of 1st period - Slapshot by Derek Meech.
0:22 of 1st period - Deflect By Patrik Berglund.
0:22 of 1st period - Stopped by Matt Hackett without a rebound.
0:23 of 1st period - Matt Stajan wins face-off versus Patrik Berglund in Golden Knights zone.
0:36 of 1st period - Snap shot by Alexander Radulov.
0:36 of 1st period - Stopped by Matt Hackett without a rebound.
0:37 of 1st period - Jimmy Hayes wins face-off versus Patrice Cormier in Golden Knights zone.
0:52 of 1st period - Wayne Simmonds is hit by Brendan Mikkelson and loses puck.
1:05 of 1st period - Brad Marchand is hit by Shawn Matthias.
1:09 of 1st period - Snap shot by Shawn Matthias.
1:09 of 1st period - Stopped by Henrik Lundqvist with a rebound.
2:32 of 1st period - Slapshot by Erik Johnson.
2:32 of 1st period - Stopped by Matt Hackett without a rebound.
2:33 of 1st period - Chris Tierney wins face-off versus Eric Staal in Golden Knights zone.
2:46 of 1st period - David Backes is hit by Mathew Dumba and loses puck.
3:01 of 1st period - Wrist shot by Andrei Loktionov.
3:01 of 1st period - Stopped by Henrik Lundqvist without a rebound.
3:02 of 1st period - Andrei Loktionov wins face-off versus Patrik Berglund in Flames zone.
3:13 of 1st period - Snap shot by Andrei Loktionov.
3:13 of 1st period - Deflect By Michael Frolik.
3:13 of 1st period - Stopped by Henrik Lundqvist with a rebound.
3:29 of 1st period - Zach Bogosian is hit by Brendan Mikkelson.
3:59 of 1st period - Backhand shot by Anders Lee.
3:59 of 1st period - Stopped by Matt Hackett with a rebound.
4:17 of 1st period - Slapshot by Derek Meech.
4:17 of 1st period - Shot Misses the Net.
4:41 of 1st period - Wrist shot by Patrik Berglund.
4:41 of 1st period - Shot Misses the Net.
5:39 of 1st period - Slapshot by Sami Vatanen.
5:39 of 1st period - Shot Misses the Net.
5:41 of 1st period - Wrist shot by Steve Regier.
5:41 of 1st period - Stopped by Matt Hackett with a rebound.
5:43 of 1st period - Backhand shot by Erik Johnson.
5:43 of 1st period - Stopped by Matt Hackett without a rebound.
5:44 of 1st period - Matt Stajan wins face-off versus Eric Staal in Golden Knights zone.
5:57 of 1st period - Snap shot by Matt Stajan.
5:57 of 1st period - Stopped by Henrik Lundqvist without a rebound.
5:58 of 1st period - Andrei Loktionov wins face-off versus Patrik Berglund in Flames zone.
5:59 of 1st period - Wrist shot by Michael Frolik.
5:59 of 1st period - Stopped by Henrik Lundqvist without a rebound.
6:00 of 1st period - Andrei Loktionov wins face-off versus Patrik Berglund in Flames zone.
6:39 of 1st period - Wrist shot by David Ullstrom.
6:39 of 1st period - Deflect By Michael Kostka.
6:39 of 1st period - Stopped by Matt Hackett with a rebound.
6:53 of 1st period - Snap shot by Matt Stajan.
6:53 of 1st period - Stopped by Henrik Lundqvist with a rebound.
7:23 of 1st period - Chris Higgins is hit by Alexander Radulov and loses puck.
7:42 of 1st period - Snap shot by Jimmy Hayes.
7:42 of 1st period - Stopped by Matt Hackett with a rebound.
8:57 of 1st period - Derek Meech is hit by Shawn Matthias and loses puck.
9:35 of 1st period - Slapshot by Chris Higgins.
9:35 of 1st period - Stopped by Henrik Lundqvist without a rebound.
9:36 of 1st period - Jimmy Hayes wins face-off versus Patrice Cormier in Flames zone.
9:49 of 1st period - Slapshot by David Ullstrom.
9:49 of 1st period - Stopped by Matt Hackett with a rebound.
9:51 of 1st period - Snap shot by Colin Wilson.
9:51 of 1st period - Stopped by Matt Hackett without a rebound.
9:52 of 1st period - Michael Frolik wins face-off versus Eric Staal in Golden Knights zone.
10:18 of 1st period - Colby Robak is hit by Vladimir Zharkov and loses puck.
10:39 of 1st period - Christian Folin is hit by Zach Bogosian and loses puck.
11:10 of 1st period - Wrist shot by Zach Bogosian.
11:10 of 1st period - Shot Blocked by Christian Folin.
11:12 of 1st period - Slapshot by Zach Bogosian.
11:12 of 1st period - Shot Misses the Net.
11:33 of 1st period - Wrist shot by Eric Staal.
11:33 of 1st period - Shot Misses the Net.
11:43 of 1st period - Steve Regier is hit by Ilya Kovalchuk and loses puck.
12:49 of 1st period - Off-side.
12:50 of 1st period - Andrei Loktionov wins face-off versus David Backes in neutral zone.
13:13 of 1st period - Slapshot by Andrei Loktionov.
13:13 of 1st period - Goal by Andrei Loktionov - Flames : 0 - Golden Knights : 1.
13:14 of 1st period - Sergei Plotnikov wins face-off versus Eric Staal in neutral zone.
13:31 of 1st period - Andrei Loktionov is hit by Brad Marchand and loses puck.
13:56 of 1st period - Slapshot by Erik Johnson.
13:56 of 1st period - Stopped by Matt Hackett with a rebound.
14:10 of 1st period - Snap shot by Kyle Palmieri.
14:10 of 1st period - Stopped by Matt Hackett with a rebound.
14:12 of 1st period - Snap shot by Kyle Palmieri.
14:12 of 1st period - Stopped by Matt Hackett with a rebound.
14:14 of 1st period - Slapshot by Erik Johnson.
14:14 of 1st period - Stopped by Matt Hackett with a rebound.
14:16 of 1st period - Slapshot by Steve Regier.
14:16 of 1st period - Shot Misses the Net.
14:22 of 1st period - Snap shot by Kyle Palmieri.
14:22 of 1st period - Shot Blocked by Matt Stajan.
14:40 of 1st period - Snap shot by Jimmy Hayes.
14:40 of 1st period - Shot Misses the Net.
14:42 of 1st period - Wrist shot by Jimmy Hayes.
14:42 of 1st period - Stopped by Matt Hackett without a rebound.
14:43 of 1st period - Michael Frolik wins face-off versus Eric Staal in Golden Knights zone.
14:48 of 1st period - Snap shot by Andrei Loktionov.
14:48 of 1st period - Stopped by Henrik Lundqvist without a rebound.
14:49 of 1st period - Eric Staal wins face-off versus Sergei Plotnikov in Flames zone.
15:05 of 1st period - Off-side.
15:06 of 1st period - Patrice Cormier wins face-off versus Patrik Berglund in neutral zone.
15:21 of 1st period - Snap shot by Patrik Berglund.
15:21 of 1st period - Deflect By Alexander Semin.
15:21 of 1st period - Shot Misses the Net.
15:21 of 1st period - Puck is out of play.
15:22 of 1st period - Eric Staal wins face-off versus Andrei Loktionov in Golden Knights zone.
15:27 of 1st period - Snap shot by David Backes.
15:27 of 1st period - Stopped by Matt Hackett with a rebound.
15:33 of 1st period - Wrist shot by Eric Staal.
15:33 of 1st period - Goal by Eric Staal - Flames : 1 - Golden Knights : 1.
15:34 of 1st period - Eric Staal wins face-off versus Andrei Loktionov in neutral zone.
16:15 of 1st period - Ilya Kovalchuk is hit by Derek Meech and loses puck.
16:34 of 1st period - Snap shot by Jimmy Hayes.
16:34 of 1st period - Shot Misses the Net.
16:36 of 1st period - Snap shot by Colby Robak.
16:36 of 1st period - Stopped by Matt Hackett without a rebound.
16:37 of 1st period - Andrei Loktionov wins face-off versus Brad Marchand in Golden Knights zone.
16:37 of 1st period - Andrei Loktionov is hit by Erik Johnson.
16:47 of 1st period - Eric Staal is hit by Andrei Loktionov and loses puck.
17:00 of 1st period - Minor Penalty to Brad Marchand for Hooking.
17:01 of 1st period - Ilya Kovalchuk wins face-off versus David Backes in Flames zone.
17:06 of 1st period - Slapshot by Andrei Loktionov.
17:06 of 1st period - Stopped by Henrik Lundqvist with a rebound.
17:48 of 1st period - Snap shot by Zach Bogosian.
17:48 of 1st period - Shot Blocked by Derek Meech.
19:00 of 1st period - Penalty to Brad Marchand is over, Brad Marchand is back on ice.
19:10 of 1st period - Snap shot by Alexander Semin.
19:10 of 1st period - Deflect By Brad Marchand.
19:10 of 1st period - Stopped by Matt Hackett with a rebound.
19:12 of 1st period - Slapshot by Brendan Mikkelson.
19:12 of 1st period - Stopped by Matt Hackett without a rebound.
19:13 of 1st period - Chris Tierney wins face-off versus Anders Lee in Golden Knights zone.
19:34 of 1st period - Vladimir Mihalik is hit by Steve Regier and loses puck.
19:43 of 1st period - Steve Regier is hit by Steve Bernier and loses puck.
Goals for this period are 1 for Flames vs 1 for Golden Knights.
Shots for this period are 22 for Flames vs 10 for Golden Knights.

2nd period


0:01 of 2nd period - Andrei Loktionov wins face-off versus Eric Staal in neutral zone.
0:15 of 2nd period - Off-side.
0:16 of 2nd period - Matt Stajan wins face-off versus Patrik Berglund in neutral zone.
0:54 of 2nd period - Slapshot by Sami Vatanen.
0:54 of 2nd period - Deflect By Michael Kostka.
0:54 of 2nd period - Stopped by Matt Hackett without a rebound.
0:55 of 2nd period - Colin Wilson wins face-off versus Andrei Loktionov in Golden Knights zone.
0:58 of 2nd period - Snap shot by Jimmy Hayes.
0:58 of 2nd period - Stopped by Matt Hackett without a rebound.
0:59 of 2nd period - Andrei Loktionov wins face-off versus Colin Wilson in Golden Knights zone.
1:16 of 2nd period - Snap shot by Michael Frolik.
1:16 of 2nd period - Shot Misses the Net.
1:27 of 2nd period - Minor Penalty to Colin Wilson for Tripping.
1:28 of 2nd period - Brad Marchand wins face-off versus Matt Stajan in Flames zone.
1:28 of 2nd period - Brad Marchand is hit by Wes O'Neill.
3:27 of 2nd period - Penalty to Colin Wilson is over, Colin Wilson is back on ice.
3:39 of 2nd period - Colin Wilson is hit by Chris Higgins.
6:13 of 2nd period - Slapshot by Michael Frolik.
6:13 of 2nd period - Shot Misses the Net.
6:39 of 2nd period - Colin Wilson is hit by Mathew Dumba and loses puck.
7:22 of 2nd period - Snap shot by Matt Stajan.
7:22 of 2nd period - Deflect By Ilya Kovalchuk.
7:22 of 2nd period - Goal by Ilya Kovalchuk - Flames : 1 - Golden Knights : 2.
7:23 of 2nd period - Andrei Loktionov wins face-off versus Eric Staal in neutral zone.
7:26 of 2nd period - Sami Vatanen is hit by Vladimir Mihalik.
7:50 of 2nd period - Ilya Kovalchuk is hit by Alexander Radulov and loses puck.
7:59 of 2nd period - Slapshot by Zach Bogosian.
7:59 of 2nd period - Stopped by Henrik Lundqvist without a rebound.
8:00 of 2nd period - Andrei Loktionov wins face-off versus Colin Wilson in Flames zone.
8:03 of 2nd period - Wrist shot by Michael Frolik.
8:03 of 2nd period - Shot Misses the Net.
8:05 of 2nd period - Backhand shot by Michael Kostka.
8:05 of 2nd period - Deflect By Andrei Loktionov.
8:05 of 2nd period - Shot Misses the Net.
8:05 of 2nd period - Puck is out of play.
8:06 of 2nd period - Andrei Loktionov wins face-off versus Colin Wilson in Flames zone.
8:12 of 2nd period - Minor Penalty to Colby Robak for Holding Stick.
8:13 of 2nd period - Matt Stajan wins face-off versus Patrik Berglund in Flames zone.
8:13 of 2nd period - Wrist shot by Vladimir Zharkov.
8:13 of 2nd period - Shot Hit the Post.
8:15 of 2nd period - Slapshot by Vladimir Zharkov.
8:15 of 2nd period - Deflect By Matt Stajan.
8:15 of 2nd period - Shot Blocked by Erik Johnson.
8:15 of 2nd period - Puck is out of play.
8:16 of 2nd period - Matt Stajan wins face-off versus Patrik Berglund in Flames zone.
8:31 of 2nd period - Snap shot by Vladimir Zharkov.
8:31 of 2nd period - Stopped by Henrik Lundqvist with a rebound.
8:33 of 2nd period - Snap shot by Sergei Plotnikov.
8:33 of 2nd period - Shot Misses the Net.
8:59 of 2nd period - Snap shot by David Backes.
8:59 of 2nd period - Shot Misses the Net.
10:12 of 2nd period - Penalty to Colby Robak is over, Colby Robak is back on ice.
10:22 of 2nd period - Wrist shot by Steve Regier.
10:22 of 2nd period - Shot Misses the Net.
10:26 of 2nd period - Wrist shot by Kyle Palmieri.
10:26 of 2nd period - Deflect By Chris Higgins.
10:26 of 2nd period - Shot Misses the Net.
10:26 of 2nd period - Puck is out of play.
10:27 of 2nd period - Patrice Cormier wins face-off versus Anders Lee in Golden Knights zone.
10:34 of 2nd period - Wrist shot by Wayne Simmonds.
10:34 of 2nd period - Stopped by Henrik Lundqvist without a rebound.
10:35 of 2nd period - Eric Staal wins face-off versus Chris Higgins in Flames zone.
10:52 of 2nd period - Snap shot by Brad Marchand.
10:52 of 2nd period - Stopped by Matt Hackett without a rebound.
10:53 of 2nd period - Patrik Berglund wins face-off versus Andrei Loktionov in Golden Knights zone.
11:50 of 2nd period - Minor Penalty to Matt Stajan for Charging.
11:51 of 2nd period - Chris Tierney wins face-off versus Patrik Berglund in Golden Knights zone.
11:51 of 2nd period - Chris Tierney is hit by Patrik Berglund.
12:06 of 2nd period - Slapshot by Michael Kostka.
12:06 of 2nd period - Stopped by Henrik Lundqvist with a rebound.
12:08 of 2nd period - Wrist shot by Chris Tierney.
12:08 of 2nd period - Shot Misses the Net.
12:10 of 2nd period - Slapshot by Ilya Kovalchuk.
12:10 of 2nd period - Goal by Ilya Kovalchuk - Flames : 1 - Golden Knights : 3.
12:11 of 2nd period - Eric Staal wins face-off versus Patrice Cormier in neutral zone.
12:13 of 2nd period - Minor Penalty to Alexander Semin for Tripping.
12:14 of 2nd period - Eric Staal wins face-off versus Patrice Cormier in Flames zone.
12:18 of 2nd period - Slapshot by Sami Vatanen.
12:18 of 2nd period - Stopped by Matt Hackett with a rebound.
12:34 of 2nd period - Patrice Cormier is hit by Eric Staal and loses puck.
13:01 of 2nd period - Slapshot by Jared Cowen.
13:01 of 2nd period - Stopped by Henrik Lundqvist with a rebound.
13:03 of 2nd period - Slapshot by Zach Bogosian.
13:03 of 2nd period - Shot Blocked by Erik Johnson.
13:05 of 2nd period - Snap shot by Patrice Cormier.
13:05 of 2nd period - Shot Misses the Net.
13:07 of 2nd period - Slapshot by Zach Bogosian.
13:07 of 2nd period - Stopped by Henrik Lundqvist without a rebound.
13:08 of 2nd period - David Ullstrom wins face-off versus Shawn Matthias in Flames zone.
13:30 of 2nd period - Minor Penalty to Colby Robak for Tripping.
13:31 of 2nd period - Eric Staal wins face-off versus Patrice Cormier in Flames zone.
13:50 of 2nd period - Penalty to Matt Stajan is over, Matt Stajan is back on ice.
14:13 of 2nd period - Penalty to Alexander Semin is over, Alexander Semin is back on ice.
14:44 of 2nd period - Slapshot by Zach Bogosian.
14:44 of 2nd period - Stopped by Henrik Lundqvist with a rebound.
14:54 of 2nd period - Michael Frolik is hit by Alexander Semin and loses puck.
15:02 of 2nd period - Off-side.
15:03 of 2nd period - Matt Stajan wins face-off versus Patrik Berglund in neutral zone.
15:30 of 2nd period - Penalty to Colby Robak is over, Colby Robak is back on ice.
15:32 of 2nd period - Wes O'Neill is hit by Sami Vatanen and loses puck.
16:14 of 2nd period - Wrist shot by Steve Bernier.
16:14 of 2nd period - Shot Misses the Net.
16:16 of 2nd period - Slapshot by Chris Tierney.
16:16 of 2nd period - Stopped by Henrik Lundqvist with a rebound.
17:16 of 2nd period - Vladimir Mihalik is hit by Patrik Berglund and loses puck.
17:46 of 2nd period - Steve Bernier is hit by Steve Regier.
18:05 of 2nd period - Snap shot by Chris Higgins.
18:05 of 2nd period - Shot Blocked by Brad Marchand.
18:18 of 2nd period - Off-side.
18:19 of 2nd period - Patrik Berglund wins face-off versus Matt Stajan in neutral zone.
18:28 of 2nd period - Ilya Kovalchuk is hit by Alexander Semin and loses puck.
18:59 of 2nd period - Christian Folin is hit by Matt Stajan and loses puck.
19:08 of 2nd period - Snap shot by Ilya Kovalchuk.
19:08 of 2nd period - Goal by Ilya Kovalchuk - Flames : 1 - Golden Knights : 4.
19:09 of 2nd period - Andrei Loktionov wins face-off versus Eric Staal in neutral zone.
19:14 of 2nd period - Wrist shot by Michael Frolik.
19:14 of 2nd period - Stopped by Henrik Lundqvist with a rebound.
Goals for this period are 0 for Flames vs 3 for Golden Knights.
Shots for this period are 4 for Flames vs 12 for Golden Knights.

3rd period


0:01 of 3rd period - Eric Staal wins face-off versus Andrei Loktionov in neutral zone.
0:27 of 3rd period - Erik Johnson is hit by Vladimir Zharkov and loses puck.
1:08 of 3rd period - Slapshot by Kyle Palmieri.
1:08 of 3rd period - Stopped by Matt Hackett without a rebound.
1:09 of 3rd period - Anders Lee wins face-off versus Chris Tierney in Golden Knights zone.
1:39 of 3rd period - Off-side.
1:40 of 3rd period - Andrei Loktionov wins face-off versus Eric Staal in neutral zone.
1:43 of 3rd period - Snap shot by Andrei Loktionov.
1:43 of 3rd period - Stopped by Henrik Lundqvist with a rebound.
1:45 of 3rd period - Backhand shot by Andrei Loktionov.
1:45 of 3rd period - Deflect By David Backes.
1:45 of 3rd period - Stopped by Henrik Lundqvist without a rebound.
1:46 of 3rd period - Brad Marchand wins face-off versus Andrei Loktionov in Flames zone.
2:03 of 3rd period - David Backes is hit by Sergei Plotnikov.
2:29 of 3rd period - Wrist shot by Michael Frolik.
2:29 of 3rd period - Stopped by Henrik Lundqvist with a rebound.
2:31 of 3rd period - Snap shot by Sergei Plotnikov.
2:31 of 3rd period - Goal by Sergei Plotnikov - Flames : 1 - Golden Knights : 5.
2:32 of 3rd period - Matt Stajan wins face-off versus Eric Staal in neutral zone.
2:41 of 3rd period - Matt Stajan is hit by Eric Staal and loses puck.
3:26 of 3rd period - Slapshot by Sami Vatanen.
3:26 of 3rd period - Stopped by Matt Hackett without a rebound.
3:27 of 3rd period - Michael Frolik wins face-off versus Anders Lee in Golden Knights zone.
3:32 of 3rd period - Wrist shot by Kyle Palmieri.
3:32 of 3rd period - Shot Blocked by Jared Cowen.
3:43 of 3rd period - Vladimir Mihalik is hit by Steve Regier.
5:06 of 3rd period - Snap shot by Michael Frolik.
5:06 of 3rd period - Shot Blocked by Colin Wilson.
5:08 of 3rd period - Slapshot by Mathew Dumba.
5:08 of 3rd period - Shot Blocked by Jimmy Hayes.
6:10 of 3rd period - Jared Cowen is hit by Kyle Palmieri and loses puck.
6:31 of 3rd period - Snap shot by David Ullstrom.
6:31 of 3rd period - Deflect By Jimmy Hayes.
6:31 of 3rd period - Shot Misses the Net.
6:31 of 3rd period - Puck is out of play.
6:32 of 3rd period - Eric Staal wins face-off versus Andrei Loktionov in Golden Knights zone.
6:39 of 3rd period - Sami Vatanen is hit by Sergei Plotnikov and loses puck.
6:48 of 3rd period - Slapshot by Michael Frolik.
6:48 of 3rd period - Stopped by Henrik Lundqvist without a rebound.
6:49 of 3rd period - Vladimir Zharkov wins face-off versus Patrik Berglund in Flames zone.
7:20 of 3rd period - Off-side.
7:21 of 3rd period - Patrice Cormier wins face-off versus Eric Staal in neutral zone.
7:52 of 3rd period - Slapshot by Andrei Loktionov.
7:52 of 3rd period - Stopped by Henrik Lundqvist with a rebound.
8:22 of 3rd period - Snap shot by Matt Stajan.
8:22 of 3rd period - Stopped by Henrik Lundqvist without a rebound.
8:23 of 3rd period - Eric Staal wins face-off versus Andrei Loktionov in Flames zone.
8:37 of 3rd period - Minor Penalty to Brad Marchand for Interference.
8:38 of 3rd period - Vladimir Zharkov wins face-off versus Patrik Berglund in Flames zone.
8:50 of 3rd period - Slapshot by Matt Stajan.
8:50 of 3rd period - Shot Misses the Net.
9:07 of 3rd period - Colin Wilson is hit by Matt Stajan and loses puck.
9:47 of 3rd period - Slapshot by Matt Stajan.
9:47 of 3rd period - Shot Blocked by Colby Robak.
9:49 of 3rd period - Slapshot by Wes O'Neill.
9:49 of 3rd period - Shot Blocked by Derek Meech.
9:59 of 3rd period - Snap shot by Sergei Plotnikov.
9:59 of 3rd period - Shot Blocked by Colby Robak.
10:01 of 3rd period - Slapshot by Jared Cowen.
10:01 of 3rd period - Shot Misses the Net.
10:03 of 3rd period - Slapshot by Wes O'Neill.
10:03 of 3rd period - Shot Misses the Net.
10:17 of 3rd period - Snap shot by Vladimir Zharkov.
10:17 of 3rd period - Stopped by Henrik Lundqvist without a rebound.
10:18 of 3rd period - Patrik Berglund wins face-off versus Ilya Kovalchuk in Flames zone.
10:18 of 3rd period - Patrik Berglund is hit by Andrei Loktionov.
10:28 of 3rd period - Slapshot by Zach Bogosian.
10:28 of 3rd period - Stopped by Henrik Lundqvist without a rebound.
10:29 of 3rd period - Patrik Berglund wins face-off versus Andrei Loktionov in Flames zone.
10:29 of 3rd period - Patrik Berglund is hit by Zach Bogosian.
10:37 of 3rd period - Penalty to Brad Marchand is over, Brad Marchand is back on ice.
11:23 of 3rd period - Snap shot by Chris Higgins.
11:23 of 3rd period - Stopped by Henrik Lundqvist without a rebound.
11:24 of 3rd period - Patrice Cormier wins face-off versus Eric Staal in Flames zone.
12:05 of 3rd period - Slapshot by Jared Cowen.
12:05 of 3rd period - Deflect By Colby Robak.
12:05 of 3rd period - Stopped by Henrik Lundqvist with a rebound.
12:33 of 3rd period - Wrist shot by Matt Stajan.
12:33 of 3rd period - Shot Blocked by Derek Meech.
12:35 of 3rd period - Wrist shot by Ilya Kovalchuk.
12:35 of 3rd period - Deflect By Vladimir Zharkov.
12:35 of 3rd period - Stopped by Henrik Lundqvist with a rebound.
12:37 of 3rd period - Wrist shot by Zach Bogosian.
12:37 of 3rd period - Shot Blocked by Kyle Palmieri.
13:19 of 3rd period - Snap shot by Steve Bernier.
13:19 of 3rd period - Shot Blocked by Erik Johnson.
13:21 of 3rd period - Snap shot by Steve Bernier.
13:21 of 3rd period - Stopped by Henrik Lundqvist with a rebound.
13:41 of 3rd period - Snap shot by Michael Frolik.
13:41 of 3rd period - Stopped by Henrik Lundqvist without a rebound.
13:42 of 3rd period - Eric Staal wins face-off versus Matt Stajan in Flames zone.
13:42 of 3rd period - Eric Staal is hit by Matt Stajan.
14:35 of 3rd period - Alexander Semin is hit by Mathew Dumba and loses puck.
15:06 of 3rd period - Wrist shot by Shawn Matthias.
15:06 of 3rd period - Shot Blocked by Jimmy Hayes.
15:36 of 3rd period - Kyle Palmieri is hit by Michael Frolik and loses puck.
15:55 of 3rd period - Sami Vatanen is hit by Vladimir Mihalik and loses puck.
16:22 of 3rd period - Patrik Berglund is hit by Chris Tierney.
16:26 of 3rd period - Slapshot by Erik Johnson.
16:26 of 3rd period - Shot Misses the Net.
16:47 of 3rd period - Mathew Dumba is hit by Derek Meech and loses puck.
17:24 of 3rd period - Slapshot by Shawn Matthias.
17:24 of 3rd period - Shot Hit the Post.
17:26 of 3rd period - Slapshot by Wes O'Neill.
17:26 of 3rd period - Shot Blocked by Colby Robak.
17:28 of 3rd period - Wrist shot by Shawn Matthias.
17:28 of 3rd period - Shot Misses the Net.
17:30 of 3rd period - Wrist shot by Chris Tierney.
17:30 of 3rd period - Shot Misses the Net.
17:32 of 3rd period - Wrist shot by Shawn Matthias.
17:32 of 3rd period - Shot Misses the Net.
17:38 of 3rd period - Wrist shot by Steve Bernier.
17:38 of 3rd period - Stopped by Henrik Lundqvist with a rebound.
18:00 of 3rd period - Snap shot by Steve Bernier.
18:00 of 3rd period - Stopped by Henrik Lundqvist without a rebound.
18:01 of 3rd period - Andrei Loktionov wins face-off versus Patrik Berglund in Flames zone.
18:02 of 3rd period - Wrist shot by Michael Frolik.
18:02 of 3rd period - Shot Misses the Net.
18:24 of 3rd period - Andrei Loktionov is hit by Alexander Radulov and loses puck.
18:45 of 3rd period - Wrist shot by Alexander Radulov.
18:45 of 3rd period - Stopped by Matt Hackett with a rebound.
18:53 of 3rd period - Snap shot by Alexander Radulov.
18:53 of 3rd period - Stopped by Matt Hackett without a rebound.
18:54 of 3rd period - Colin Wilson wins face-off versus Matt Stajan in Golden Knights zone.
19:21 of 3rd period - Chris Higgins is hit by Anders Lee and loses puck.
19:32 of 3rd period - Wrist shot by Kyle Palmieri.
19:32 of 3rd period - Shot Misses the Net.
Goals for this period are 0 for Flames vs 1 for Golden Knights.
Shots for this period are 4 for Flames vs 16 for Golden Knights.